 Dungeon Crawl Stone Soup version 0.19-a0-749-g66ae36b (webtiles) character file.

112 Leszczynek the Changer (level 4, -2/32 HPs)
             Began as a Merfolk Transmuter on June 24, 2016.
             Was a Believer of Jiyva.
             Slain by Grinder (9 damage)
             ... while paralysed by Grinder
             ... on level 3 of the Dungeon.
             The game lasted 00:13:54 (2905 turns).

Leszczynek the Changer (Merfolk Transmuter)         Turns: 2905, Time: 00:13:54

Health: -2/32      AC:  2    Str: 10    XL:     4   Next: 95%
Magic:  1/7        EV:  2    Int: 12    God:    Jiyva [**....]
Gold:   42         SH:  0    Dex: 15    Spells: 3 memorised, 1 level left

rFire  . . .     SeeInvis .       - Unarmed
rCold  . . .     Gourm    .     b - +0 robe
rNeg   . . .     Faith    .     (no shield)
rPois  .         Spirit   .     (no helmet)
rElec  .         Dismiss  .     (no cloak)
rCorr  .         Reflect  .     (no gloves)
SustAt .         Harm     .     (boots currently unavailable)
MR     .....                    (no amulet)
Stlth  +++.......               (no ring)
                                (no ring)

@: paralysed, appendage, very quick, not resistant to hostile enchantments,
fairly stealthy
A: change form in water, swift swim, horns 2
a: End Transformation, Request Jelly, Jelly Paralyse, Renounce Religion


You were on level 3 of the Dungeon.
You worshipped Jiyva.
Jiyva was pleased with you.
You were not hungry.
You had grown temporary horns.
You visited 1 branch of the dungeon, and saw 3 of its levels.
You also visited: Sewer.

You collected 42 gold pieces.

Inventory:

Missiles
 a - 97 arrows
Armour
 b - a +0 robe (worn)
 p - a +0 ring mail
Jewellery
 o - an uncursed amulet of dismissal
Scrolls
 e - a scroll of remove curse {unknown}
 g - a scroll of fog {unknown}
 h - a scroll of amnesia
 i - a scroll of magic mapping {unknown}
 j - a scroll of recharging {unknown}
 n - a scroll of enchant weapon {unknown}
Potions
 k - 2 potions of heal wounds {unknown}
 l - 2 potions of invisibility {unknown}
 q - 2 potions of magic {unknown}
 s - a potion of agility {unknown}
Books
 c - a book of Changes

   Spells                             Type                      Level
   a - Beastly Appendage              Transmutation                1
   b - Sticks to Snakes               Transmutation                2
   c - Spider Form                    Transmutation/Poison         3
   d - Ice Form                       Ice/Transmutation            4
   e - Blade Hands                    Transmutation                5
Comestibles
 d - 3 bread rations
 f - 4 meat rations
 m - 2 slices of pizza


   Skills:
 - Level 1.1 Fighting
 - Level 2.6 Dodging
 - Level 2.2 Stealth
 - Level 3.8 Unarmed Combat
 - Level 2.0 Spellcasting
 + Level 4.4 Transmutations
 + Level 2.1 Poison Magic


You had one spell level left.
You knew the following spells:

 Your Spells              Type           Power        Failure   Level  Hunger
a - Beastly Appendage     Tmut           ##....       6%          1    ##.....
b - Sticks to Snakes      Tmut           ##......     10%         2    ###....
c - Spider Form           Tmut/Pois      #.........   24%         3    ####...


Dungeon Overview and Level Annotations

Branches:
Dungeon (3/15)

Altars:
Gozag
Jiyva

Annotations:
D:2 exclusion: 2 adders, Sigmund, Terence
D:3 Grinder


Innate Abilities, Weirdness & Mutations

You revert to your normal form in water.
You are very nimble and swift while swimming.
You have a pair of horns on your head.


Message History

Your ball python bites Grinder but does no damage. x2
Your ball python constricts Grinder.
Grinder hits you.
Your ball python bites Grinder but does no damage.
Your ball python bites Grinder.
Your ball python constricts Grinder.
Grinder hits you.
You writhe in agony.
Your ball python bites Grinder but does no damage. x2
Your ball python constricts Grinder.
Grinder says, "I used to sell toenails on the black market."
Grinder hits you.
You writhe in agony.
* * * LOW HITPOINT WARNING * * *
Your ball python bites Grinder but does no damage.
Your ball python barely misses Grinder.
Your ball python constricts Grinder.
Grinder gestures at you.
You shrug off the repeated paralysis!
Your ball python bites Grinder.
Your ball python bites Grinder but does no damage.
Your ball python constricts Grinder.
Your ball python bites Grinder.
Your ball python bites Grinder but does no damage.
Your ball python constricts Grinder.
Grinder hits you!
You die...

##≈≈≈≈†≈≈.≈.....<..
#..≈≈≈≈≈≈≈≈#.......
#..#########....###
#..≈≈≈≈≈≈##....##
##≈.≈...≈.##..##
##≈≈≈≈≈≈..#+##
#########..#
##≈≈≈J≈≈≈≈≈≈#
#SS@≈≈...≈.##
#.5######### #.#.#
#% .# ## .. ##. ..
##


You could see Grinder, a neutral jelly (fellow slime) and 2 friendly ball
pythons.

Vanquished Creatures
  An iguana (D:3)
  An adder (D:2)
  A dart slug (D:2)
  6 giant geckos
  A ball python (D:1)
  6 giant cockroaches
  3 goblins
  6 hobgoblins
  2 jackals (Sewer)
  3 bats (D:1)
  2 giant newts (D:1)
  9 kobolds
  3 rats
44 creatures vanquished.

Vanquished Creatures (collateral kills)
  Ijyb (D:2)
  An adder (D:3)
  A kobold (D:2)
3 creatures vanquished.

Vanquished Creatures (others)
  A crocodile (Sewer)
  A jelly (Sewer)
  Jessica (D:3)
  2 adders (D:3)
  A goblin (D:3)
  A hobgoblin (D:3)
  A kobold (D:3)
  A ball python (D:3)
  2 bats (D:3)
11 creatures vanquished.

Grand Total: 58 creatures vanquished

Notes
Turn   | Place    | Note
--------------------------------------------------------------
     0 | D:1      | Leszczynek the Merfolk Transmuter began the quest for the Orb.
     0 | D:1      | Reached XP level 1. HP: 15/15 MP: 3/3
    51 | D:1      | Reached skill level 1 in Stealth
   239 | D:1      | Reached skill level 2 in Stealth
   239 | D:1      | Reached XP level 2. HP: 15/21 MP: 1/5
   455 | D:1      | Learned a level 2 spell: Sticks to Snakes
   831 | D:1      | Reached skill level 3 in Transmutations
  1286 | D:2      | Noticed Sigmund
  1481 | D:2      | Noticed Ijyb
  1515 | D:2      | Killed Ijyb
  1515 | D:2      | Reached XP level 3. HP: 17/26 MP: 1/6
  1535 | D:2      | Learned a level 3 spell: Spider Form
  1726 | D:2      | Noticed Terence
  1760 | D:2      | Found a faded altar of an unknown god.
  1770 | D:2      | Became a worshipper of Jiyva Joesasei the Shapeless
  1770 | D:2      | Reached * piety under Jiyva
  1770 | D:2      | 600 online games in and it's the first time i worship jiyva
  2039 | D:2      | Found an opulent altar of Gozag.
  2344 | D:3      | Reached XP level 4. HP: 32/32 MP: 5/7
  2364 | D:3      | Reached skill level 4 in Transmutations
  2364 | D:3      | Reached skill level 1 in Poison Magic
  2398 | D:3      | Killed Jessica
  2404 | D:3      | Reached ** piety under Jiyva
  2575 | D:3      | Found a glowing drain.
  2617 | D:3      | Reached skill level 2 in Poison Magic
  2645 | Sewer    | Entered a sewer
  2809 | Sewer    | Killed a crocodile
  2893 | D:3      | Noticed Grinder
  2900 | D:3      | Paralysed by Grinder for 7 turns
  2905 | D:3      | Slain by Grinder

Vault maps used:
D:1:      evilmike_arrival_run_for_it, minmay_hexomino_f4
D:2:      marbit_many_paths, ecumenical_altar_2, uniq_sigmund, uniq_terence,
          uniq_iyjb
D:3:      nicolae_overflow_hidden_temple, gup_sewer_entry_pipe, first_bread,
          tso_altar, uniq_grinder, uniq_jessica
Sewer:    sewer_the_crocodile

Skill      XL: |  1  2  3  4 |
---------------+-------------+-----
Stealth        | 2 |  2.2
Transmutations | 3 4 |  4.4
Poison Magic   | 2 |  2.1
Fighting       | |  1.1
Dodging        | |  2.6
Unarmed Combat | |  3.8
Spellcasting   | |  2.0

Action                   |  1- 3 |  4- 6 || total
-------------------------+-------+-------++-------
Melee: Unarmed           |   100 |    51 ||   151
       Headbutt          |     8 |    13 ||    21
       Tailslap          |       |     4 ||     4
 Cast: Beastly Appendage |    20 |     6 ||    26
       Sticks to Snakes  |     7 |     5 ||    12
Invok: Request Jelly     |       |     1 ||     1
  Use: Scroll            |       |     1 ||     1
 Stab: Sleeping          |     2 |       ||     2
       Distracted        |       |     1 ||     1
  Eat: Chunk             |     6 |       ||     6
Armor: Robe              |    15 |     3 ||    18
Dodge: Dodged            |    61 |    35 ||    96
